 Dungeon Crawl Stone Soup version 0.23.2-1-ga50397a (webtiles) character file.

Game seed: 10157736234913090651

151 doot the Sneak (level 5, -4/39 HPs)
             Began as a Vampire Assassin on May 4, 2019.
             Slain by a goblin
             ... wielding a +0 club
             ... led by Robin
              (8 damage)
             ... on level 2 of the Dungeon.
             The game lasted 00:04:35 (1443 turns).

doot the Sneak (Vampire Assassin)                   Turns: 1443, Time: 00:04:36

Health: -4/39      AC:  5    Str: 10    XL:     5   Next: 10%
Magic:  5/5        EV: 12    Int: 14    God:
Gold:   84         SH:  0    Dex: 16    Spells: 4/4 levels left

rFire    . . .     SeeInvis +   a - +2 dagger
rCold    . . .     Gourm    .   (no shield)
rNeg     . . .     Faith    .   l - +0 leather armour (curse)
rPois    .         Spirit   .   (no helmet)
rElec    .         Reflect  .   d - +0 cloak
rCorr    .         Harm     .   (no gloves)
MR       .....                  o - +0 pair of boots
Stlth    +++.......             (no amulet)
HPRegen  0.33/turn              (no ring)
MPRegen  0.09/turn              (no ring)

@: lethally poisoned (-4 -> -4), regenerating quickly
A: fangs 3, see invisible, unbreathing
a: no special abilities


You were on level 2 of the Dungeon.
You were full.

You visited 1 branch of the dungeon, and saw 2 of its levels.

You collected 84 gold pieces.

Inventory:

Hand Weapons
 a - a +2 dagger (weapon)
 b - a +0 blowgun
Missiles
 e - 6 poisoned needles
 f - 2 curare-tipped needles
Armour
 c - a +0 robe
 d - a +0 cloak (worn)
 l - a cursed +0 leather armour (worn)
 o - a +0 pair of boots (worn)
Scrolls
 h - 3 scrolls of identify {unknown}
 i - a scroll of teleportation {unknown}
 k - 4 scrolls of remove curse {unknown}
Potions
 g - 5 potions of blood
 j - a potion of curing
 m - a potion of heal wounds
 n - a potion of cancellation {unknown}
 p - a potion of flight {unknown}
 q - a potion of degeneration {unknown}
 r - a potion of lignification {unknown}


   Skills:
 + Level 2.3 Fighting
 + Level 3.5 Short Blades
 + Level 1.9 Throwing
 + Level 1.1 Armour
 + Level 2.1 Dodging
 + Level 7.2 Stealth


You had 4 spell levels left.
You didn't know any spells.
Your spell library was empty.

Dungeon Overview and Level Annotations

Branches:
Dungeon (2/15)

Altars:

Annotations:
D:2 Robin


Innate Abilities, Weirdness & Mutations

Your natural rate of healing is unusually fast.
You have razor-sharp teeth.
You have supernaturally acute eyesight. (SInv)
You can survive without breathing.


Message History

The goblin no longer looks unusually strong.
The goblin closely misses you. The goblin hits you with a +0 dagger.
* * * LOW HITPOINT WARNING * * *
Unknown command.
You hit the goblin.
You kill the goblin!
The goblin misses you. Robin throws the goblin at you!
Unknown command.
You hit the goblin.
The goblin is severely wounded.
Robin says, "Bow before me, strongest of all the hobgoblins!"
The goblin hits you with a +0 club.
* * * LOW HITPOINT WARNING * * *
You barely miss the goblin.
The goblin is heavily wounded.
You hit the goblin.
The goblin is almost dead.
You feel sick. Robin hits you but does no damage.
The goblin hits you with a +0 club!
You die...

# #######.# # #...#. #.# #
#.K.#.# #.# .. .g..... #.#
.## #..... #.# .# #..... #.#
.# ##..... ####.# ..
.......###########.##.# ..
.......()wg@g......##.#
#.#.........###########.##.#
............ #.)(.#
#........... ###### ........
.g.g... .g..... .ggg...


You could see a worm, Robin and a goblin.

Vanquished Creatures
  Natasha (thrice) (D:2)
  3 adders (D:2)
  2 worms
  A dart slug (D:2)
  A leopard gecko (D:1)
  3 bats
  2 giant cockroaches (D:2)
  14 goblins
  A hobgoblin (D:2)
  2 jackals (D:1)
  4 kobolds (D:2)
  A quokka (D:2)
  A ball python (D:2)
  3 frilled lizards
  A rat (D:1)
42 creatures vanquished.

Notes
Turn   | Place    | Note
-------+----------+-------------------------------------------
     0 | D:1      | doot the Vampire Assassin began the quest for the Orb.
     0 | D:1      | Reached XP level 1. HP: 16/16 MP: 1/1
    73 | D:1      | Reached skill level 6 in Stealth
   351 | D:1      | Reached XP level 2. HP: 22/22 MP: 2/2
   556 | D:1      | HP: 1/22 [worm (8)]
   929 | D:2      | Noticed Natasha
   944 | D:2      | Noticed a crimson imp
   965 | D:2      | Killed Natasha
   965 | D:2      | Reached XP level 3. HP: 17/27 MP: 3/3
  1123 | D:2      | Noticed Natasha
  1129 | D:2      | Killed Natasha
  1129 | D:2      | Reached skill level 7 in Stealth
  1129 | D:2      | Reached XP level 4. HP: 10/33 MP: 4/4
  1137 | D:2      | Noticed Natasha
  1151 | D:2      | Killed Natasha
  1352 | D:2      | Noticed Robin
  1378 | D:2      | Reached skill level 1 in Armour
  1390 | D:2      | Reached XP level 5. HP: 33/38 MP: 5/5
  1443 | D:2      | Slain by a goblin

Skill      XL: |  1  2  3  4 |
---------------+-------------+-----
Stealth        | 6 7 |  7.2
Fighting       | 2 |  2.3
Short Blades   | 3 |  3.5
Dodging        | 2 |  2.1
Armour         | 1 |  1.1
Throwing       | |  1.9

Action                   |  1- 3 |  4- 6 || total
-------------------------+-------+-------++-------
Melee: Dagger            |    84 |    86 ||   170
       Bite              |    10 |     6 ||    16
 Fire: Blowgun           |     4 |     3 ||     7
  Use: Potion            |    11 |       ||    11
 Stab: Sleeping          |     5 |     3 ||     8
       Distracted        |     1 |     1 ||     2
Armor: Robe              |     6 |       ||     6
       Leather armour    |     6 |    19 ||    25
Dodge: Dodged            |    53 |    41 ||    94
